 Dungeon Crawl Stone Soup version 0.19-a0-790-ge39e1af (console) character file.

1665 brucemayne the Cleaver (level 8, -3/90 HPs)
             Began as a Vampire Berserker on June 26, 2016.
             Was a Believer of Trog.
             Slain by Joseph
             ... wielding a +0 quarterstaff
              (11 damage)
             ... on level 10 of the Dungeon.
             The game lasted 00:11:11 (2656 turns).

brucemayne the Cleaver (Vampire Berserker)          Turns: 2656, Time: 00:11:12

Health: -3/90      AC: 11    Str: 23    XL:     8   Next: 69%
Magic:  8/8        EV:  8    Int: 10    God:    Trog [**....]
Gold:   165        SH:  0    Dex: 16    Spells: 0 memorised, 7 levels left

rFire  . . .     SeeInvis +     D - -1 war axe (curse)
rCold  . . .     Gourm    .     r - +0 plate armour
rNeg   + . .     Faith    .     (no shield)
rPois  .         Spirit   .     (no helmet)
rElec  .         Dismiss  .     (no cloak)
rCorr  .         Reflect  .     (no gloves)
SustAt .         Harm     .     (no boots)
MR     ++...                    (no amulet)
Stlth  ..........               F - ring of stealth
                                G - +3 ring of dexterity

@: berserking, regenerating, very quick, very resistant to hostile enchantments,
extremely unstealthy
A: fangs 3, see invisible, unbreathing
a: Bat Form, Berserk, Trog's Hand, Burn Spellbooks, Renounce Religion


You were on level 10 of the Dungeon.
You worshipped Trog.
Trog was pleased with you.
You were not thirsty.

You visited 2 branches of the dungeon, and saw 11 of its levels.
You also visited: Ossuary.

You collected 165 gold pieces.

Inventory:

Hand Weapons
 a - a +0 hand axe
 D - a cursed -1 war axe (weapon)
Armour
 b - a +0 animal skin
 d - a +0 chain mail
 g - a +0 scale mail
 q - a +0 ring mail
 r - a +0 plate armour (worn)
 E - a +1 leather armour of cold resistance
Jewellery
 s - an uncursed ring of sustain attributes
 F - a ring of stealth (right hand)
 G - a +3 ring of dexterity (left hand)
Wands
 p - a wand of random effects (22/48)
 t - a wand of teleportation (4/9)
 H - a wand of slowing (34/48)
 I - a wand of lightning (5/15)
Scrolls
 h - 2 scrolls of enchant armour {unknown}
 j - 4 scrolls of teleportation {unknown}
 l - a scroll of recharging {unknown}
 m - 3 scrolls of identify {unknown}
 n - a scroll of fear {unknown}
 u - 5 scrolls of remove curse {unknown}
 y - a scroll of fog {unknown}
 z - a scroll of vulnerability {unknown}
 K - a scroll of immolation {unknown}
Potions
 c - 9 potions of blood
 e - 3 potions of curing
 f - 2 potions of heal wounds {unknown}
 i - a potion of beneficial mutation {unknown}
 k - a potion of cancellation
 o - a potion of agility {unknown}
 v - a potion of berserk rage {unknown}
 w - a potion of haste {unknown}
 x - 2 potions of degeneration {unknown}
 A - a potion of mutation {unknown}
 B - 2 potions of brilliance {unknown}
 C - a potion of lignification {unknown}
Books
 J - the Almanac of Dusty Ignition
   (You found it on level 7 of the Dungeon)

   Spells                             Type                      Level
   a - Sandblast                      Earth                        1
   b - Passwall                       Transmutation/Earth          2
   c - Fireball                       Conjuration/Fire             5
   d - Lee's Rapid Deconstruction     Earth                        5
   e - Ring of Flames                 Charms/Fire                  7
   Trog disapproves of the use of such an item.


   Skills:
 - Level 4.0 Fighting
 + Level 9.6 Axes
 - Level 2.9 Armour
 - Level 2.7 Dodging
 - Level 0.4 Stealth


You had 7 spell levels left.
You didn't know any spells.

Dungeon Overview and Level Annotations

Branches:
Dungeon (10/15)            Temple (1/1) D:5
   Lair: D:8-11         Orc: D:9-12

Altars:
Cheibriados
Dithmenos
Elyvilon
Gozag
Makhleb
Qazlal
Trog
Vehumet
Zin

Shops:
D:5 :

Annotations:
D:10 Joseph


Innate Abilities, Weirdness & Mutations

You have razor-sharp teeth.
You have supernaturally acute eyesight. (SInv)
You can survive without breathing.


Message History

Unknown command.
You hit Joseph.
Joseph is heavily wounded.
You feel the effects of Trog's Hand fading.
Joseph hits you with an uncursed quarterstaff!
* * * LOW HITPOINT WARNING * * *
You slash Joseph!
Joseph is heavily wounded.
Joseph hits you with an uncursed quarterstaff!
* * * LOW HITPOINT WARNING * * *
You closely miss Joseph.
Joseph is heavily wounded.
You hit Joseph. You bite Joseph!
Joseph is severely wounded.
Joseph hits you with an uncursed quarterstaff.
* * * LOW HITPOINT WARNING * * *
You slash Joseph!
Joseph is almost dead.
Joseph hits you with an uncursed quarterstaff!
You die...

### ..# #.#
#.# #)# ## #
#.# ....
#.#.#####....$
#..@..<.......
##@)(($.......
#..#####.....
...[.# ....
#####.# .%.
#.# #. #.# #..
##


You could see Joseph.

Vanquished Creatures
  Eustachio (D:4)
  Menkaure (Ossuary)
  Edmund (D:5)
  An ice beast (D:7)
  2 ogres
  2 centaurs
  3 giant frogs
  A scorpion (D:5)
  4 howler monkeys
  A giant frog zombie (D:5)
  A giant frog skeleton (D:9)
  9 hounds
  2 worker ants
  3 mummies (Ossuary)
  2 hound skeletons
  3 gnolls (D:7)
  4 adders
  4 orcs (D:3)
  2 gnoll zombies (Ossuary)
  2 goblins
  11 jackals
  2 kobolds (D:1)
  2 quokkas (D:3)
  3 bats
  A giant cockroach zombie (D:5)
  2 giant newts
  A gnoll skeleton (Ossuary)
  4 goblin skeletons (Ossuary)
  A goblin zombie (Ossuary)
  5 hobgoblin skeletons (Ossuary)
  6 hobgoblin zombies (Ossuary)
  A kobold skeleton (Ossuary)
  2 kobold zombies (Ossuary)
  An orc skeleton (Ossuary)
  An orc zombie (Ossuary)
  A quokka skeleton (D:4)
  4 rats
  2 rat skeletons (Ossuary)
  5 rat zombies (Ossuary)
104 creatures vanquished.

Vanquished Creatures (others)
  A gnoll zombie (Ossuary)
  A goblin skeleton (Ossuary)
  3 hobgoblin skeletons (Ossuary)
  3 hobgoblin zombies (Ossuary)
  5 orc skeletons (Ossuary)
  3 orc zombies (Ossuary)
  2 rat skeletons (Ossuary)
  A rat zombie (Ossuary)
19 creatures vanquished.

Grand Total: 123 creatures vanquished

Notes
Turn   | Place    | Note
--------------------------------------------------------------
     0 | D:1      | brucemayne the Vampire Berserker began the quest for the Orb.
     0 | D:1      | Reached XP level 1. HP: 17/17 MP: 1/1
   102 | D:1      | Reached XP level 2. HP: 24/24 MP: 2/2
   166 | D:2      | Reached skill level 3 in Axes
   381 | D:3      | Found a burning altar of Makhleb.
   448 | D:3      | Found a white marble altar of Elyvilon.
   562 | D:3      | Reached XP level 3. HP: 29/29 MP: 3/3
   815 | D:3      | Found a snail-covered altar of Cheibriados.
   815 | D:3      | Found an opulent altar of Gozag.
   815 | D:3      | Found a radiant altar of Vehumet.
   815 | D:3      | Found a shadowy altar of Dithmenos.
   853 | D:5      | Entered Level 5 of the Dungeon
   872 | D:5      | Found a staircase to the Ecumenical Temple.
   879 | Temple   | Entered the Ecumenical Temple
   898 | D:5      | Reached XP level 4. HP: 35/35 MP: 4/4
   932 | D:5      | Noticed Edmund
   933 | D:5      | Found a bloodstained altar of Trog.
   960 | D:5      | Killed Edmund
   960 | D:5      | Reached ** piety under Trog
   960 | D:5      | Reached skill level 4 in Axes
   960 | D:5      | Reached XP level 5. HP: 24/42 MP: 5/5
  1008 | D:5      | Reached XP level 6. HP: 45/48 MP: 6/6
  1082 | D:5      | Reached skill level 5 in Axes
  1166 | D:5      | Found Jeluisopna's Book Boutique.
  1182 | D:5      | Found a stormy altar of Qazlal.
  1231 | D:5      | Found a sand-covered staircase.
  1241 | Ossuary  | Entered an ossuary
  1487 | Ossuary  | Noticed Menkaure
  1495 | Ossuary  | Killed Menkaure
  1495 | Ossuary  | Reached XP level 7. HP: 54/54 MP: 7/7
  1561 | Ossuary  | Reached skill level 6 in Axes
  1855 | D:4      | Noticed Eustachio
  1914 | D:4      | Killed Eustachio
  1974 | D:4      | Found a glowing silver altar of Zin.
  2010 | D:4      | Reached skill level 7 in Axes
  2245 | D:7      | Reached XP level 8. HP: 47/60 MP: 8/8
  2297 | D:7      | Identified the Almanac of Dusty Ignition
  2334 | D:7      | Reached skill level 8 in Axes
  2542 | D:9      | Reached skill level 9 in Axes
  2636 | D:10     | Entered Level 10 of the Dungeon
  2642 | D:10     | Noticed Joseph
  2656 | D:10     | Slain by Joseph

Vault maps used:
D:1:      sevenhm_arrival_forest_fort_small_5
D:2:      lemuel_blue_sif_altar
D:3:      wad_woods_tower, nicolae_overflow_crystal_walls, lemuel_doored_altar,
          nicolae_overflow_hidden_temple, first_bread, dk_noncrumbling_3
D:4:      kennysheep_little_box, bh_walls_and_bars, uniq_eustachio,
          uniq_crazy_yiuf_cottage
D:5:      grunt_qazlal_clouds, lemuel_coloured_pillars_altar, serial_shops,
          shop, enter_ossuary_2, minmay_holes, uniq_edmund
D:6:      hangedman_abyss_or_decor_stabs
D:8:      uniq_erica
D:9:      lemuel_crystal_altar, overflow_temple_1_default, fedhas_altar_1,
          lemuel_zombie_altar_kikubaaqudgha, erik_lair_island, serial_shops,
          shop, the_bakery
D:10:     nicolae_trove_entry_crossroad, uniq_joseph
Temple:   nicolae_temple_figure_zero
Ossuary:  ossuary_due_pyramid

Skill      XL: |  1  2  3  4  5  6  7  8 |
---------------+-------------------------+-----
Fighting       | 3 4 |  4.0
Axes           | 3 4 5 7 9 |  9.6
Armour         | 2 |  2.9
Dodging        | |  2.7
Stealth        | |  0.4

Action                   |  1- 3 |  4- 6 |  7- 9 || total
-------------------------+-------+-------+-------++-------
Melee: Hand axe          |    64 |   113 |    56 ||   233
       Bite              |     6 |    15 |    31 ||    52
       War axe           |       |       |   182 ||   182
Invok: Berserk           |     4 |     3 |     3 ||    10
       Trog's Hand       |       |     2 |     4 ||     6
  Use: Potion            |     3 |    10 |     7 ||    20
Armor: Chain mail        |    65 |    36 |       ||   101
       Plate armour      |       |    46 |   167 ||   213
Dodge: Dodged            |    35 |    49 |    66 ||   150
